 Dungeon Crawl Stone Soup version 0.17-a0-1909-g0b14330 (webtiles) character file.

58 Japsu the Charmwright (level 3, -3/27 HPs)
             Began as a Vampire Skald on Sept 25, 2015.
             Was an Initiate of Yredelemnul.
             Slain by a hound (6 damage)
             ... on level 2 of the Dungeon.
             The game lasted 00:22:58 (1939 turns).

Japsu the Charmwright (Vampire Skald)               Turns: 1939, Time: 00:22:58

Health: -3/27      AC:  0    Str: 11    XL:     3   Next: 75%
Magic:  2/6        EV: 13    Int: 14    God:    Yredelemnul [......]
Gold:   10         SH:  0    Dex: 14    Spells: 3 memorised, 0 levels left

rFire  . . .     SeeInvis +     a - +0 short sword
rCold  . . .     Clarity  .     (no armour)
rNeg   + . .     SustAt   .     (no shield)
rPois  .         Gourm    .     (no helmet)
rElec  .         Spirit   .     (no cloak)
rCorr  .         Warding  .     (no gloves)
rMut   .         Stasis   .     (no boots)
MR     .....                    (no amulet)
Stlth  ++........               (no ring)
                                (no ring)

@: singing, not resistant to hostile enchantments, unstealthy
A: fangs 3, see invisible, unbreathing
a: Bat Form, Renounce Religion, Stop Singing


You were on level 2 of the Dungeon.
You worshipped Yredelemnul.
Yredelemnul was noncommittal.
You were not thirsty.

You visited 1 branch of the dungeon, and saw 2 of its levels.

You collected 10 gold pieces.

Inventory:

Hand weapons
 a - a +0 short sword (weapon)
 p - a +0 hunting sling of flaming
Missiles
 e - 22 arrows
 g - 5 arrows of dispersal
 o - 16 bolts
 u - 2 needles of confusion
Armour
 b - a +0 leather armour
Jewellery
 w - a cursed amulet of stasis {unknown}
Scrolls
 h - a scroll of noise {unknown}
 j - a scroll of magic mapping {unknown}
 k - a scroll of immolation {unknown}
 l - a scroll of fog {unknown}
 m - a scroll of teleportation {unknown}
 q - 2 scrolls of remove curse {unknown}
 r - a scroll of identify
 t - a scroll of enchant weapon {unknown}
 v - a scroll of amnesia {unknown}
Potions
 d - 3 potions of blood
 i - a potion of mutation {unknown}
 s - a potion of flight {unknown}
 x - a potion of curing
Books
 c - a book of Battle

   Spells                             Type                      Level
   a - Infusion                       Charms                       1
   b - Shroud of Golubria             Charms/Translocation         2
   c - Song of Slaying                Charms                       2
   d - Spectral Weapon                Hexes/Charms                 3
   e - Regeneration                   Charms/Necromancy            3
Comestibles
 f - 6 fruits
 n - a royal jelly


   Skills:
 + Level 2.1 Fighting
 * Level 2.5 Short Blades
 - Level 0.7 Armour
 * Level 2.6 Dodging
 * Level 0.9 Stealth
 + Level 2.3 Spellcasting
 + Level 3.5 Charms


You couldn't memorise any spells.
You knew the following spells:

 Your Spells              Type           Power        Failure   Level  Hunger
a - Infusion              Chrm           ##....       6%          1    #......
b - Regeneration          Chrm/Necr      #.........   38%         3    ###....
c - Song of Slaying       Chrm           ##......     10%         2    ###....


Dungeon Overview and Level Annotations

Branches:
Dungeon (2/15)

Altars:
Yredelemnul


Innate Abilities, Weirdness & Mutations

You have razor-sharp teeth.
You have supernaturally acute eyesight.
You can survive without breathing.


Message History

The hound is moderately wounded.
The bat hits you. The hound closely misses you.
You hit the hound but do no damage.
The hound is moderately wounded.
The bat hits you. The hound barely misses you. The bat closely misses you.
The hound closely misses you.
You closely miss the bat. The bat barely misses you.
The hound closely misses you.
You miss the hound.
The hound is moderately wounded.
The bat hits you. The hound bites you.
* * * LOW HITPOINT WARNING * * *
The hound closely misses you. The bat hits you.
* * * LOW HITPOINT WARNING * * *
The bat hits you.
* * * LOW HITPOINT WARNING * * *
The hound bites you.
You die...
Yredelemnul claims you as an undead slave.

# ...>..#.!. #.#
#..#..... #.# #... ..#...
.. #.####
##..#.##.#.##.... #.#..
...............#
#.#.######.#.##.)#######
PPP.PPPPPPPPP...........
P...P.P.....P#.bh########
P.PPP.PPP.P.P..#@........
......P...P....#.########


PPP.PPPPP.P.P#.#.# P.....P...P.P..#.# PPPPP.P.PPP.P###.# P.........P.P #.#######
P.PPP.PPP.PPP# #.......# P.P...P.....P#########.# P.PPPPPPPPPPP........#.# You
could see a hound and a bat.

Vanquished Creatures
  2 adders (D:2)
  2 giant geckos (D:1)
  5 bats (D:1)
  2 hobgoblins
  10 jackals (D:1)
  A ball python (D:1)
  A giant cockroach (D:1)
  2 giant newts
  6 goblins
  4 kobolds (D:1)
  3 rats
38 creatures vanquished.

Notes
Turn   | Place    | Note
--------------------------------------------------------------
     0 | D:1      | Japsu the Vampire Skald began the quest for the Orb.
     0 | D:1      | Reached XP level 1. HP: 16/16 MP: 3/3
   122 | D:1      | Reached XP level 2. HP: 5/22 MP: 1/5
  1000 | D:1      | Reached XP level 3. HP: 27/27 MP: 3/6
  1464 | D:2      | Found a basalt altar of Yredelemnul.
  1473 | D:2      | Became a worshipper of Yredelemnul the Dark
  1512 | D:2      | Learned a level 3 spell: Regeneration
  1515 | D:2      | Learned a level 2 spell: Song of Slaying
  1939 | D:2      | Slain by a hound

Vault maps used:
D:1:      grunt_arrival_lava_bath, minmay_misc_feat_ornament
D:2:      makhleb_heckhound_becter, lemuel_crystal_altar, minmay_hedge_maze,
          nicolae_ru_the_path_less_chosen, uniq_robin

Action                   || total
-------------------------++-------
Melee: Short sword       ||   203
       Unarmed           ||     5
 Cast: Infusion          ||     6
       Song of Slaying   ||     3
 Abil: End Transformatio ||     2
       Bat Form          ||     2
  Use: Scroll            ||     2
       Potion            ||     1
 Stab: Sleeping          ||     1
  Eat: Corpse            ||     3
